 Dungeon Crawl Stone Soup version 0.27.0-1-g7a089689b8 (webtiles) character file.

Game seed: 1957654943353497687

9 Spectrina the Ducker (level 2, -2/18 HPs)
             Began as a Deep Elf Monk on Aug 2, 2021.
             Killed from afar by a white imp (10 damage)
             ... with a puff of frost
             ... on level 4 of the Dungeon.
             The game lasted 00:02:06 (229 turns).

Spectrina the Ducker (Deep Elf Monk)                 Turns: 229, Time: 00:02:06

Health: -2/18      AC:  2    Str:  8    XL:     2   Next: 3%
Magic:  5/5        EV: 13    Int: 14    God:
Gold:   0          SH:  0    Dex: 17    Spells: 1/1 levels left

rFire    . . .     SeeInvis .   b - +0 dagger
rCold    . . .     Faith    .   (no shield)
rNeg     . . .     Spirit   .   c - +0 robe
rPois    .         Reflect  .   (no helmet)
rElec    .         Harm     .   (no cloak)
rCorr    .         Rampage  .   (no gloves)
Will     .....                  (no boots)
Stlth    ++........             (no amulet)
HPRegen  0.06/turn              (no ring)
MPRegen  0.09/turn              (no ring)

@: no status effects
A: no striking features
a: no special abilities


You were on level 4 of the Dungeon.
You visited 1 branch of the dungeon, and saw 4 of its levels.

Inventory:

Hand Weapons
 a - a +2 whip of freezing
 b - a +0 dagger (weapon)
 e - a +0 short sword
Missiles
 g - 23 stones (quivered)
Armour
 c - a +0 robe (worn)
Wands
 f - a wand of flame (16)
Scrolls
 d - 2 scrolls of identify {unknown}


   Skills:
 - Level 2.4 Fighting
 - Level 3.0 Short Blades
 - Level 3.6 Dodging
 - Level 2.4 Stealth
 + Level 1.9 Invocations


You had one spell level left.
You didn't know any spells.
Your spell library was empty.

Dungeon Overview and Level Annotations

Branches:
Dungeon (4/15)
 Temple: D:4-7

Altars:

Annotations:
D:4 Menkaure


Message History

You whack the giant cockroach! You freeze the giant cockroach.
You kill the giant cockroach!
You have reached level 2!
Your +2 whip of freezing stops glowing.
b - a +0 dagger (weapon)
Found a stone staircase leading down.
Found a stone staircase leading down.
Unknown command.
There is a stone staircase leading down here.
You climb downwards.
An adder, 2 gnolls, an ogre and Menkaure come into view.
Found a scroll labelled ISKIM ZANUAN.
There is a stone staircase leading up here.
Unknown command.
The ogre shouts!
You climb upwards.
There is a stone staircase leading down here.
There is a stone staircase leading down here.
You open the door.
Found a hand axe.
An endoplasm and a kobold come into view.
There is an open door here.
You close the door.
There is a stone staircase leading down here.
You climb downwards.
Level annotation: Menkaure A quokka, a hobgoblin and a white imp come into view.
The white imp shouts, "Abandon hope, thou spongy bat-fowling blabberskite!"
The hobgoblin shouts!
The white imp gestures at you. The puff of frost hits you!
Ouch! That really hurt!
Found a ring mail.
There is a stone staircase leading up here.
Unknown command.
The quokka misses you. The white imp gestures at you.
The puff of frost hits you!
Ouch! That really hurt!
You die...

.. ####...##
g. .......##
g.
###.......###
O#
...........
## #....[5.#
#.....# #r..#
# #@# #.# #g#
#.# #.# ..#
###


You could see a white imp, a quokka and a hobgoblin.

Vanquished Creatures
  A ball python (D:2)
  A bat (D:2)
  An endoplasm (D:2)
  A giant cockroach (D:3)
  2 goblins (D:1)
  A rat (D:2)
7 creatures vanquished.

Vanquished Creatures (others)
  12 plants (D:3)
12 creatures vanquished.

Grand Total: 19 creatures vanquished

Notes
Turn   | Place    | Note
-------+----------+-------------------------------------------
     0 | D:1      | Spectrina the Deep Elf Monk began the quest for the Orb.
     0 | D:1      | Reached XP level 1. HP: 13/13 MP: 3/3
    76 | D:2      | Reached skill level 1 in Invocations
   187 | D:3      | Reached XP level 2. HP: 15/18 MP: 5/5
   207 | D:4      | Noticed Menkaure
   207 | D:4      | Noticed an ogre
   229 | D:4      | Killed from afar by a white imp

Illustrated notes

Levels and vault maps discovered:
D:1:      kennysheep_arrival_seaside, layout_rooms, serial_shops, shop,
          hellmonk_ecumenical_altar_heavens_door, minmay_bisected
D:2:      layout_basic
D:3:      layout_loops_corners, minmay_crystal_room, serial_bayou_lagoon_a,
          hangedman_abyss_or_decor_lesser_grid
D:4:      layout_loops_ring, nicolae_overflow_quartered_altars,
          minmay_temple_entry_slanted, serial_shops,
          nicolae_shop_overgrown_old_shop, uniq_menkaure

Skill      XL: |  1 |
---------------+----+-----
Invocations    | 1 |  1.9
Fighting       | |  2.4
Short Blades   | |  3.0
Dodging        | |  3.6
Stealth        | |  2.4

Action                   || total
-------------------------++-------
Melee: Dagger            ||     9
       Whip              ||     5
 Stab: Sleeping          ||     4
Armor: Robe              ||     2
Dodge: Dodged            ||     5
